 Dungeon Crawl Stone Soup version 0.29-a0-841-g116ddc6ace (webtiles) character file.

Game seed: 18214942078279017367

109 mathmaestro the Grave Robber (level 4, -2/33 HPs)
             Began as a Demonspawn Necromancer on July 15, 2022.
             Slain by Crazy Yiuf
             ... wielding a +3 quarterstaff of chaos
              (9 damage)
             ... on level 3 of the Dungeon.
             The game lasted 00:05:33 (2537 turns).

mathmaestro the Grave Robber (DsNe)                 Turns: 2537, Time: 00:05:33

Health: -2/33      AC:  4    Str: 14    XL:     4   Next: 60%
Magic:  1/8        EV: 12    Int: 19    God:
Gold:   93         SH:  0    Dex: 13    Spells: 4/8 levels left

rFire   . . .      SeeInvis .   c - +0 short sword
rCold   . . .      Faith    .   (no shield)
rNeg    . . .      Spirit   .   a - +0 robe
rPois   .          Reflect  .   (no helmet)
rElec   .          Harm     .   h - +0 cloak
rCorr   .          Rampage  .   (no gloves)
Will    .....                   (no boots)
Stlth   ++........              (no amulet)
HPRegen 0.11/turn               f - +6 ring of strength
MPRegen 0.11/turn               (no ring)

@: no status effects
A: sharp scales 1
a: no special abilities


You were on level 3 of the Dungeon.
You visited 1 branch of the dungeon, and saw 3 of its levels.

You collected 93 gold pieces.

Inventory:

Hand Weapons
 c - a +0 short sword (weapon)
Armour
 a - a +0 robe (worn)
 h - a +0 cloak (worn)
Jewellery
 f - a +6 ring of strength (left hand)
Wands
 n - a wand of paralysis (3)
 q - a wand of iceblast (8)
 s - a wand of mindburst (26)
Scrolls
 d - 2 scrolls of fear {unknown}
 k - a scroll of enchant weapon {unknown}
 l - a scroll of poison {unknown}
 m - a scroll of teleportation
 p - a scroll of summoning {unknown}
Potions
 b - 2 potions of magic
 e - a potion of might {unknown}
 g - a potion of resistance {unknown}
 i - a potion of attraction {unknown}
 j - a potion of mutation {unknown}
 o - a potion of degeneration {unknown}
 r - a potion of berserk rage {unknown}


   Skills:
 + Level 1.9 Fighting
 + Level 1.5 Armour
 - Level 2.0 Dodging
 - Level 2.0 Stealth
 + Level 2.7 Spellcasting
 + Level 5.0 Necromancy


You had 4 spell levels left.
You knew the following spells:

 Your Spells              Type           Power      Damage    Failure   Level
a - Necrotise             Necr           84%        1d8       1%          1
b - Vampiric Draining     Necr           21%        2d7       6%          3

Your spell library contained the following spells:

 Spells                   Type           Power      Damage    Failure   Level
 Animate Dead             Necr           21%        N/A       21%         4
 Agony                    Necr           21%        N/A       50%         5


Dungeon Overview and Level Annotations

Branches:
Dungeon (3/15)

Altars:

Annotations:
D:3 Crazy Yiuf


Innate Abilities, Weirdness & Mutations

You are partially covered in razor-sharp scales. (AC +1, Slay +1)


Message History

There is a stone staircase leading down here.
There is a stone staircase leading down here.
Found a hammer.
Found a runed translucent door.
Crazy Yiuf shouts!
Press: ? - help, v - describe, . - travel, g - get item Item here: a hammer.
The floor.
Unknown command.
You open the door.
Casting: Necrotise (safe; 1% risk of failure)
Confirm with . or Enter, or press ? or * to list all spells.
Aiming: Necrotise (safe; 1% risk of failure)
Press: ? - help, Shift-Dir - straight line, f - Crazy Yiuf
Aim: Crazy Yiuf, wielding a +3 quarterstaff of chaos and wearing a +0 cloak (chance to affect: 85%) Crazy Yiuf writhes in agony.
Crazy Yiuf says, "Gum!
Ghoul foot sow."
Crazy Yiuf hits you with a +3 quarterstaff of chaos!
Casting: Necrotise (safe; 1% risk of failure)
Confirm with . or Enter, or press ? or * to list all spells.
Aiming: Vampiric Draining (dangerous; 6% risk of failure)
Press: ? - help, Shift-Dir - straight line, f/p - Crazy Yiuf
Aim: Crazy Yiuf, wielding a +3 quarterstaff of chaos and wearing a +0 cloak (lightly wounded)
You draw life force from Crazy Yiuf.
You feel life coursing into your body.
Crazy Yiuf screams, "Shower shrimp aubergine!"
Crazy Yiuf hits you with a +3 quarterstaff of chaos!
Crazy Yiuf freezes you.
* * * LOW HITPOINT WARNING * * *
Casting: Vampiric Draining (dangerous; 6% risk of failure)
Confirm with . or Enter, or press ? or * to list all spells.
Aiming: Vampiric Draining (dangerous; 6% risk of failure)
Press: ? - help, Shift-Dir - straight line, f/p - Crazy Yiuf
Aim: Crazy Yiuf, wielding a +3 quarterstaff of chaos and wearing a +0 cloak (moderately wounded)
You draw life force from Crazy Yiuf!
You feel life coursing into your body.
Crazy Yiuf whimpers, "Tonal bag agre!"
Crazy Yiuf hits you with a +3 quarterstaff of chaos.
* * * LOW HITPOINT WARNING * * *
You closely miss Crazy Yiuf.
Crazy Yiuf is almost dead.
Crazy Yiuf hits you with a +3 quarterstaff of chaos!
You die...

#.......#...#.......####..#
#####.###.############....#
#.# #.# ##.##.# #<# ###
##### #.....# #.# #)..#
##.#### #.# #...# ##.####
#.# ... #.....# ##.#####
#g# ##.##.# #......# ♣@♣♣
#.##Z# #..##### ♣♣.♣ #>.#.#
#..### ♣.♣♣ ###.#.# #....#
♣♣.♣ #.....# #..#.# ♣♣.♣♣
#..<### #.##.### ♣♣.P.♣
##..# #......# ♣.PP.♣ ##..#
####...# #....# #...# #####
##..## ##.##


You could see Crazy Yiuf.

Vanquished Creatures
  Terence (D:2)
  2 adders (D:2)
  2 worms
  A dart slug (D:2)
  2 orcs (D:3)
  5 bats
  4 endoplasms
  A giant cockroach (D:1)
  8 hobgoblins
  2 jackals (D:3)
  9 ball pythons
  4 frilled lizards
  6 goblins
  3 kobolds
  2 rats
52 creatures vanquished.

Vanquished Creatures (collateral kills)
  4 ball pythons
  A frilled lizard (D:1)
5 creatures vanquished.

Grand Total: 57 creatures vanquished

Notes
Turn   | Place    | Note
-------+----------+-------------------------------------------
     0 | D:1      | mathmaestro the Demonspawn Necromancer began the quest for
                  | the Orb.
     0 | D:1      | Reached XP level 1. HP: 13/13 MP: 3/3
   343 | D:1      | Gained mutation: You are partially covered in razor-sharp
                  | scales. (AC +1, Slay +1) [demonic ancestry]
   343 | D:1      | Reached XP level 2. HP: 20/20 MP: 3/5
  1136 | D:2      | Reached skill level 1 in Fighting
  1136 | D:2      | Reached XP level 3. HP: 18/26 MP: 2/6
  1140 | D:2      | Learned a level 3 spell: Vampiric Draining
  1185 | D:2      | Noticed Terence
  1191 | D:2      | Killed Terence
  1192 | D:2      | Reached skill level 1 in Armour
  1311 | D:2      | Reached XP level 4. HP: 32/32 MP: 3/7
  1418 | D:2      | Found a faded altar of an unknown god.
  2041 | D:3      | Reached skill level 5 in Necromancy
  2529 | D:3      | Found a runed translucent door.
  2530 | D:3      | Noticed Crazy Yiuf
  2537 | D:3      | Slain by Crazy Yiuf

Illustrated notes

Levels and vault maps discovered:
D:1:      sevenhm_arrival_forest_fort_small_6, layout_basic,
          chequers_serial_rivers_small_3
D:2:      layout_rooms, basic_altar, nicolae_ecumenical_snake_handling,
          uniq_terence
D:3:      layout_loops_cross, uniq_crazy_yiuf_cottage

Skill      XL: |  1  2  3  4 |
---------------+-------------+-----
Dodging        | 2 |  2.0
Stealth        | 2 |  2.0
Fighting       | 1 |  1.9
Armour         | 1 |  1.5
Necromancy     | 5 |  5.0
Spellcasting   | |  2.7

Action                   |  1- 3 |  4- 6 || total
-------------------------+-------+-------++-------
Melee: Short sword       |    14 |    17 ||    31
 Cast: Necrotise         |    48 |    35 ||    83
       Vampiric Draining |       |     2 ||     2
  Use: Scroll            |     2 |       ||     2
 Stab: Distracted        |     1 |       ||     1
       Sleeping          |     1 |     1 ||     2
Armor: Robe              |     6 |     5 ||    11
Dodge: Dodged            |    19 |    16 ||    35

Table legend: (Time is in decaauts)
 A = Elapsed time spent in this place.
 B = Non-inter-level travel time spent in this place.
 C = Inter-level travel time spent in this place.
 D = Time resting spent in this place.
 E = Time spent auto-exploring this place.
 F = Levels seen in this place.
 G = Mean time per level.
                   A        B        C        D        E       F      G
               +--------+--------+--------+--------+--------+-----+--------+
         Total |   2542 |   2509 |     33 |    191 |   1875 |   3 |  847.3 |
       Dungeon |   2542 |   2509 |     33 |    191 |   1875 |   3 |  847.3 |
               +--------+--------+--------+--------+--------+-----+--------+

Top non-repeatable levels by time:
     D:1: 1124 daAuts
     D:3: 769 daAuts
     D:2: 648 daAuts
